 Dungeon Crawl Stone Soup version 0.20-a0-830-g2c9a30d (webtiles) character file.

273 Aksej the Slasher (level 6, 0/72 HPs)
             Began as a Demonspawn Monk on Mar 7, 2017.
             Succumbed to a killer bee's poison
             ... on level 3 of the Dungeon.
             The game lasted 00:04:46 (2505 turns).

Aksej the Slasher (Demonspawn Monk)                 Turns: 2505, Time: 00:04:47

Health: 0/72       AC:  6    Str: 16    XL:     6   Next: 3%
Magic:  6/6        EV: 13    Int: 12    God:
Gold:   109        SH:  0    Dex: 15    Spells: 5/5 levels left

rFire    . . .     SeeInvis .   a - +0 falchion
rCold    . . .     Gourm    .   m - +0 leather armour (curse)
rNeg     . . .     Faith    .   (no shield)
rPois    .         Spirit   .   (no helmet)
rElec    .         Reflect  .   p - +0 cloak
rCorr    .         Harm     .   (no gloves)
MR       .....                  (no boots)
Stlth    ..........             (no amulet)
Regen    0.3/turn               (no ring)
MPRegen  0.1/turn               (no ring)

@: berserking, lethally poisoned (0 -> -21), very quick
A: hooves 2, thin metallic scales 1, clumsy 1, mutation resistance 1, spiny 1
a: no special abilities


You were on level 3 of the Dungeon.
You were not hungry.

You visited 1 branch of the dungeon, and saw 3 of its levels.

You collected 109 gold pieces.

Inventory:

Hand Weapons
 a - a +0 falchion (weapon)
Armour
 m - a cursed +0 leather armour (worn)
 p - a +0 cloak (worn)
Jewellery
 i - an uncursed amulet of magic regeneration
 j - a cursed ring of positive energy {unknown}
Scrolls
 e - a scroll of blinking
 g - 3 scrolls of teleportation
 h - a scroll of remove curse
 n - a scroll of recharging {unknown}
 o - a scroll of enchant armour {unknown}
Potions
 f - a potion of berserk rage
 k - a potion of ambrosia
 l - a potion of might {unknown}
Comestibles
 b - 2 chunks of flesh
 c - 2 bread rations
 d - 2 royal jellies


   Skills:
 + Level 4.0 Fighting
 * Level 5.1 Long Blades
 + Level 0.3 Armour
 + Level 3.2 Dodging
 + Level 2.1 Stealth


You had 5 spell levels left.
You didn't know any spells.

Dungeon Overview and Level Annotations

Branches:
Dungeon (3/15)

Altars:


Innate Abilities, Weirdness & Mutations

You have hoof-like feet.
You are partially covered in thin metallic scales. (AC +2)
You are partially covered in sharp spines.
You are clumsy. (Dex -2)
You are somewhat resistant to further mutation.


Message History

* * * LOW HITPOINT WARNING * * *
You feel sick.
The killer bee is struck by your spines.
The killer bee stings you but does no damage.
You miss the killer bee.
The killer bee is almost dead.
* * * LOW HITPOINT WARNING * * *
You feel sick. The killer bee stings you.
* * * LOW HITPOINT WARNING * * *
The killer bee stings you but does no damage.
You slash the killer bee!
You kill the killer bee!
Your Long Blades skill increases to level 5!
You have reached level 6!
Your experience leads to an increase in your attributes!
Your base attributes are Str 11, Int 12, Dex 16.
Increase (S)trength, (I)ntelligence, or (D)exterity?
You feel agile.
Your demonic ancestry asserts itself...
Your feet thicken and deform.
You die...

# #.# # #.# #.#..
.... #.##.# #..#
#.##.# #..# ..
#y##.# #..# #.
#†##.# #..# #.
#@##.# #..# #.
#.##.####..## #.
#.##........# #.
#####.##.####.###
#. #........#
#.#######.
#####.####
#......... #.#
########## #.#
#.#


You could see a killer bee.

Vanquished Creatures
  3 killer bees (D:3)
  Crazy Yiuf (D:2)
  6 adders
  2 worms
  2 leopard geckos
  2 ball pythons
  3 giant cockroaches (D:1)
  5 goblins
  7 hobgoblins
  5 jackals
  4 kobolds
  A quokka (D:2)
  7 bats
  3 frilled lizards
  6 rats
  A bush (D:1)
58 creatures vanquished.

Notes
Turn   | Place    | Note
-------+----------+-------------------------------------------
     0 | D:1      | Aksej the Demonspawn Monk began the quest for the Orb.
     0 | D:1      | Reached XP level 1. HP: 18/18 MP: 1/1
   373 | D:1      | Reached skill level 3 in Long Blades
   373 | D:1      | Gained mutation: You are partially covered in sharp spines. [demonic ancestry]
   373 | D:1      | Reached XP level 2. HP: 11/24 MP: 2/2
  1164 | D:2      | Gained mutation: You are partially covered in thin metallic scales. (AC +2) [demonic ancestry]
  1164 | D:2      | Reached XP level 3. HP: 17/29 MP: 3/3
  1512 | D:2      | Reached XP level 4. HP: 25/37 MP: 4/4
  1589 | D:2      | Found a runed door.
  1822 | D:2      | Noticed Crazy Yiuf
  1828 | D:2      | Killed Crazy Yiuf
  1828 | D:2      | Reached skill level 4 in Long Blades
  1838 | D:2      | Gained mutation: You are somewhat resistant to further mutation. [potion of mutation]
  1838 | D:2      | Gained mutation: You are clumsy. (Dex -2) [potion of mutation]
  1838 | D:2      | Gained mutation: You have sharp toenails. [potion of mutation]
  2209 | D:3      | Lost mutation: You have sharp toenails. [demonic ancestry]
  2209 | D:3      | Gained mutation: You have large cloven feet. [demonic ancestry]
  2209 | D:3      | Reached XP level 5. HP: 39/42 MP: 5/5
  2504 | D:3      | HP: 2/63 [poisoned by a killer bee]
  2505 | D:3      | Reached skill level 5 in Long Blades
  2505 | D:3      | Gained mutation: You have hoof-like feet. [demonic ancestry]
  2505 | D:3      | Reached XP level 6. HP: 1/48 MP: 6/6
  2505 | D:3      | Succumbed to a killer bee's poison

Vault maps used:
D:1:      minmay_arrival_four_loops, hangedman_decor_push, minmay_hedge_maze
D:2:      minmay_heptomino_w4, uniq_crazy_yiuf_cottage
D:3:      serial_corexii_hall, corexii_hall_statues_deadend,
          corexii_hall_statues_i, first_bread, minmay_fountain_box,
          minmay_misc_feat_pillars

Skill      XL: |  1  2  3  4  5 |
---------------+----------------+-----
Long Blades    | 3 4 5 |  5.1
Dodging        | 3 |  3.2
Stealth        | 2 |  2.1
Fighting       | 4 |  4.0
Armour         | |  0.3

Action                   |  1- 3 |  4- 6 || total
-------------------------+-------+-------++-------
Melee: Falchion          |   202 |    61 ||   263
       Kick              |       |    12 ||    12
  Use: Scroll            |     6 |     2 ||     8
       Potion            |       |     4 ||     4
 Stab: Sleeping          |       |     3 ||     3
  Eat: Chunk             |     2 |     4 ||     6
Armor: Robe              |    18 |       ||    18
       Leather armour    |       |    15 ||    15
Dodge: Dodged            |    56 |    37 ||    93
       Rpst.: Falchion   |    20 |    10 ||    30
